 Dungeon Crawl Stone Soup version 0.24.0-35-gdb84b6a5db (webtiles) character file.

Game seed: 11760052165496865223, levelgen mode: deterministic

25 Curus the Twirler (level 2, -6/22 HPs)
             Began as a Demonspawn Gladiator on Nov 18, 2019.
             Killed from afar by an orc wizard (8 damage)
             ... with a magic dart
             ... on level 2 of the Dungeon.
             The game lasted 00:04:45 (802 turns).

Curus the Twirler (Demonspawn Gladiator)             Turns: 802, Time: 00:04:46

Health: -6/22      AC:  4    Str: 14    XL:     2   Next: 86%
Magic:  2/2        EV: 12    Int:  9    God:
Gold:   55         SH:  0    Dex: 14    Spells: 1/1 levels left

rFire    . . .     SeeInvis .   a - +0 quarterstaff
rCold    . . .     Gourm    .   (shield currently unavailable)
rNeg     . . .     Faith    .   b - +0 leather armour
rPois    .         Spirit   .   (helmet restricted)
rElec    .         Reflect  .   (no cloak)
rCorr    .         Harm     .   (no gloves)
MR       .....                  i - +0 pair of boots
Stlth    +.........             (no amulet)
HPRegen  0.47/turn              (no ring)
MPRegen  0.08/turn              (no ring)

@: slowed, very slow
A: horns 1, regeneration 1, MP-powered wands
a: no special abilities


You were on level 2 of the Dungeon.
You were not hungry.

You visited 1 branch of the dungeon, and saw 3 of its levels.

You collected 55 gold pieces.

Inventory:

Hand Weapons
 a - a +0 quarterstaff (weapon)
Missiles
 d - 3 throwing nets (quivered)
Armour
 b - a +0 leather armour (worn)
 c - a +0 helmet
 i - a +0 pair of boots (worn)
Scrolls
 e - a scroll of fog
Potions
 g - a potion of brilliance
 h - a potion of curing
Comestibles
 f - 2 rations


   Skills:
 - Level 2.0 Fighting
 + Level 3.7 Staves
 - Level 1.7 Throwing
 - Level 2.6 Dodging


You had one spell level left.
You didn't know any spells.
Your spell library was empty.

Dungeon Overview and Level Annotations

Branches:
Dungeon (3/15)

Altars:

Annotations:
D:2 Jessica


Innate Abilities, Weirdness & Mutations

You have a pair of small horns on your head.
Your natural rate of healing is unusually fast.
You expend magic power (3 MP) to strengthen your wands.


Message History

Jessica closely misses you.
The orc wizard casts a spell.
The orc wizard blinks!
Jessica barely misses you. The hobgoblin completely misses you.
You barely miss Jessica. You headbutt Jessica.
Jessica is heavily wounded.
Jessica hits you with a +0 dagger of speed.
* * * LOW HITPOINT WARNING * * *
Jessica closely misses you. The hobgoblin barely misses you.
Jessica misses you.
You closely miss Jessica.
Jessica is heavily wounded.
Jessica barely misses you. Jessica misses you.
The hobgoblin hits you but does no damage.
Jessica hits you with a +0 dagger of speed.
* * * LOW HITPOINT WARNING * * *
The hobgoblin closely misses you.
The orc wizard gestures at you while chanting.
The magic dart hits you!
You die...

####### ###.....#
#####.o.....##########
#...@@g...............
#.#####........#......
####.###############.....
#########.......##.......#
##....
#..[...##.......##.......#
##...
#...............##.......#
#...
#...............##.......#
####
#...............####....####
#...............# #.......#


You could see an orc wizard, Jessica and a hobgoblin.

Vanquished Creatures
  A leopard gecko (D:2)
  4 bats (D:1)
  2 giant cockroaches
  4 goblins
  2 hobgoblins (D:1)
  A kobold (D:2)
  2 ball pythons
  3 frilled lizards
  5 rats
24 creatures vanquished.

Notes
Turn   | Place    | Note
-------+----------+-------------------------------------------
     0 | D:1      | Curus the Demonspawn Gladiator began the quest for the Orb.
     0 | D:1      | Reached XP level 1. HP: 16/16 MP: 1/1
    26 | D:1      | Gained mutation: Your natural rate of healing is unusually
                  | fast. [potion of mutation]
    26 | D:1      | Gained mutation: You expend magic power (3 MP) to
                  | strengthen your wands. [potion of mutation]
    59 | D:1      | Reached skill level 3 in Staves
   106 | D:1      | Gained mutation: You have a pair of small horns on your
                  | head. [demonic ancestry]
   106 | D:1      | Reached XP level 2. HP: 20/22 MP: 2/2
   794 | D:3      | Noticed Jessica
   802 | D:2      | Killed from afar by an orc wizard

Levels and vault maps discovered:
D:1:      wheals_arrival_shading, layout_rooms
D:2:      wander_river, layout_basic
D:3:      layout_basic, chequers_ecumenical_altar_simple_redux, uniq_natasha,
          uniq_ijyb, uniq_jessica

Skill      XL: |  1 |
---------------+----+-----
Staves         | 3 |  3.7
Fighting       | |  2.0
Throwing       | |  1.7
Dodging        | |  2.6

Action                   || total
-------------------------++-------
Melee: Quarterstaff      ||    62
       Headbutt          ||     3
  Use: Potion            ||     6
       Scroll            ||     5
 Stab: Invisible         ||     2
Armor: Leather armour    ||    19
Dodge: Dodged            ||    47
